 Dungeon Crawl Stone Soup version 0.23-a0-175-g97aacdb306 (webtiles) character file.

43782 Napalmbreeze the Tortoise (level 13, 0/117 HPs)
             Began as a Deep Dwarf Fighter on Sept 17, 2018.
             Was a High Priest of Makhleb.
             Slain by an entropy weaver (8 damage)
             ... on level 5 of the Lair of Beasts.
             The game lasted 00:38:11 (15516 turns).

Napalmbreeze the Tortoise (Deep Dwarf Fighter)     Turns: 15516, Time: 00:38:11

Health: 0/117      AC:  3    Str: 27    XL:     13   Next: 92%
Magic:  10/10      EV: 13    Int: 10    God:    Makhleb [*****.]
Gold:   987        SH:  3    Dex: 13    Spells: 12/12 levels left

rFire    + + .     SeeInvis .   L - +2 war axe (chop)
rCold    . . .     Gourm    .   (no shield)
rNeg     . . .     Faith    .   S - +9 plate armour of the Other Side {rF+ Str+4}
rPois    .         Spirit   .   H - +0 helmet
rElec    .         Reflect  +   i - +1 cloak {rF+}
rCorr    .         Harm     .   b - +0 pair of gloves
MR       ++...                  a - +1 pair of boots {Fly}
Stlth    ..........             C - +3 amulet of reflection
HPRegen  0.00/turn              r - ring of protection from magic
MPRegen  0.12/turn              B - ring of stealth

@: corroded, flying, non-regenerating
A: damage resistance, heal wounds, sense surroundings 2, no regeneration
a: Heal Wounds, Minor Destruction, Lesser Servant of Makhleb, Major Destruction,
Greater Servant of Makhleb, Renounce Religion, Stop Flying


You were on level 5 of the Lair of Beasts.
You worshipped Makhleb.
Makhleb was extremely pleased with you.
You were not hungry.

You visited 3 branches of the dungeon, and saw 17 of its levels.
You also visited: Labyrinth, Ossuary and Volcano.

You collected 1185 gold pieces.
You spent 198 gold pieces at shops.

Inventory:

Hand Weapons
 F - the +6 spear "Runguer" {protect, *Slow rElec rN++ Str+2}
   (You found it on level 9 of the Dungeon)

   It protects the one who uses it against injury (+AC on strike).
   It affects your strength (+2).
   It insulates you from electricity.
   It greatly protects you from negative energy.
   It may slow you when you take damage.
 L - a +2 war axe of chopping (weapon)
Armour
 a - a +1 pair of boots of flying (worn)
 b - a +0 pair of gloves (worn)
 c - a +0 shield
 i - a +1 cloak of fire resistance (worn)
 o - a +2 crystal plate armour
 H - a +0 helmet (worn)
 S - the +9 plate armour of the Other Side (worn) {rF+ Str+4}
   (You found it on level 6 of the Lair of Beasts)

   It affects your strength (+4).
   It protects you from fire.
Jewellery
 r - a ring of protection from magic (left hand)
 B - a ring of stealth (right hand)
 C - a +3 amulet of reflection (around neck)
 G - a +3 ring of slaying {unknown}
 K - an uncursed ring of resist corrosion
 M - an uncursed ring of ice
 N - an uncursed ring of ice
 R - an uncursed ring of see invisible
Wands
 g - a wand of scattershot (5)
 D - a wand of disintegration (35)
 E - a wand of iceblast (9)
 I - a wand of polymorph (4)
 Q - a wand of flame (37)
 T - a wand of paralysis (16)
 X - a wand of random effects (23)
Scrolls
 h - 3 scrolls of enchant armour
 n - 10 scrolls of remove curse
 p - 3 scrolls of identify
 u - 9 scrolls of teleportation
 v - 2 scrolls of fog
 x - 4 scrolls of amnesia
 y - a scroll of blinking
 A - 2 scrolls of magic mapping
 J - a scroll of silence
 O - a scroll of summoning
 P - 2 scrolls of enchant weapon
Potions
 d - 2 potions of might
 e - 2 potions of brilliance {unknown}
 j - 2 potions of curing
 k - 5 potions of lignification
 l - 2 potions of berserk rage {unknown}
 m - a potion of invisibility {unknown}
 q - 4 potions of degeneration {unknown}
 s - 8 potions of haste {unknown}
 t - 3 potions of magic {unknown}
 w - 6 potions of heal wounds {unknown}
 z - a potion of flight {unknown}
 V - 2 potions of agility {unknown}
 W - 3 potions of resistance {unknown}
Comestibles
 f - 11 rations
 U - 3 chunks of flesh


   Skills:
 + Level 8.1 Fighting
 * Level 13.4 Axes
 - Level 16.0 Armour
 + Level 9.0 Dodging
 - Level 3.2 Shields
 + Level 11.7 Invocations


You had 12 spell levels left.
You didn't know any spells.
Your spell library contained the following spells:

 Spells                   Type           Power        Failure   Level  Hunger
 Beastly Appendage        Tmut           #.....       92%         1    ##.....
 Confusing Touch          Hex            #.....       92%         1    ##.....
 Sticks to Snakes         Tmut           #.......     98%         2    ###....
 Confuse                  Hex            #.......     100%        3    ####...
 Gell's Gravitas          Tloc           #.........   100%        3    ####...
 Spider Form              Tmut/Pois      #.........   100%        3    ####...
 Ice Form                 Ice/Tmut       #.......     100%        4    #####..
 Petrify                  Tmut/Erth      #.......     100%        4    #####..
 Blade Hands              Tmut           #.........   100%        5    ######.
 Metabolic Englaciation   Hex/Ice        #.........   100%        5    ######.
 Yara's Violent Unravell  Hex/Tmut       #.........   100%        5    ######.


Dungeon Overview and Level Annotations

Branches:
Dungeon (10/15)            Temple (1/1) D:6            Lair (6/6) D:9
  Swamp (0/4) Lair:4        Snake (0/4) Lair:4        Slime (0/5) Lair:5
    Orc (0/2) D:10

Altars:
Ashenzari
Cheibriados
Dithmenos
Elyvilon
Fedhas
Gozag
Hepliaklqana
Kikubaaqudgha
Makhleb
Nemelex Xobeh
Okawaru
Qazlal
Ru
Sif Muna
Trog
Uskayaw
Vehumet
Wu Jian
Xom
Yredelemnul
Zin
The Shining One

Shops:
D:4 (   D:7 *?(:   D:10 [(:

Annotations:
Lair:5 exclusion: 2 oklob plants


Innate Abilities, Weirdness & Mutations

You are resistant to damage.
You can heal yourself by infusing magical energy.
You passively map the area around you.
You do not regenerate.


Message History

The entropy weaver gestures wildly while chanting.
The entropic weave corrodes you!
Unknown command.
You hit the entropy weaver.
The entropy weaver is almost dead.
The entropy weaver mumbles some strange words.
The entropic weave corrodes you!
Unknown command.
Your plate armour of the Other Side prevents you from hitting the entropy The entropy weaver is almost dead.
The entropy weaver hits you!
* * * LOW HITPOINT WARNING * * *
The entropy weaver closely misses you. x2; The entropy weaver hits you!
* * * LOW HITPOINT WARNING * * *
You closely miss the entropy weaver.
The entropy weaver is almost dead.
The entropy weaver hits you!
* * * LOW HITPOINT WARNING * * *
The entropy weaver hits you!
You die...

### ### #.# ### #####P#
##.## ##.# .#.#..###
###.#.####.####
...P....#
#...........#.#
...P....#
##...........##
.......#####...†......##
..÷.P#.###.....a@.....#
.......P#.............#
.....#................#
.......###.#..........#
..#...##..##.#..#...###
P.#P#.#######.....###
#.##### ####.## ..##.#
########.#######
.#...####PP#.#.P....##.#


You could see an entropy weaver.

Vanquished Creatures
  A minotaur (Lab)
  A hydra (Lair:4)
  A centaur warrior (Volcano)
  A queen ant (Lair:6)
  4 death yaks
  A hell knight (Volcano)
  Pikel (D:9)
  A wolf spider (Lair:6)
  2 molten gargoyles (Volcano)
  A torpor snail (Lair:6)
  5 elephants
  8 black mambas
  14 spiny frogs
  5 komodo dragons
  3 hornets (Lair:6)
  Grinder (D:3)
  2 polar bears
  3 hippogriffs
  21 blink frogs
  A redback (Lair:6)
  25 yaks
  A hungry ghost (D:8)
  10 wyverns
  2 fire bats (Volcano)
  Grum (Lair:1)
  8 basilisks
  2 nagas (Lair:4)
  10 soldier ants
  2 wargs (D:9)
  2 swamp worms (Lair:4)
  12 water moccasins
  14 porcupines
  2 hell hounds (Lair:2)
  8 orc warriors
  A black bear (Lair:4)
  3 slaves (D:9)
  An ice beast (D:6)
  4 phantoms
  An ogre (D:9)
  16 wolves
  6 centaurs
  16 crocodiles
  2 big kobolds
  2 elf zombies (Ossuary)
  16 bullfrogs
  A wyvern zombie (D:9)
  5 scorpions
  15 killer bees
  2 electric eels (Lair:5)
  3 wights (D:8)
  A howler monkey (D:10)
  4 crimson imps
  A bullfrog zombie (D:9)
  2 centaur zombies (Ossuary)
  4 hounds
  5 lava snakes (Volcano)
  A quasit (D:7)
  A bullfrog skeleton (D:8)
  4 human zombies (Ossuary)
  10 orc wizards
  7 orc priests
  2 jellies
  A centaur skeleton (D:6)
  2 iguanas
  Natasha (twice) (D:3)
  11 worker ants
  A big kobold zombie (Ossuary)
  4 hound zombies
  A hound skeleton (D:7)
  3 mummies (Ossuary)
  4 gnolls (D:5)
  3 adders
  A shadow imp (D:6)
  8 adder zombies (Ossuary)
  2 adder skeletons
  A worm (D:4)
  5 dart slugs
  8 leopard geckos
  57 orcs
  3 giant cockroaches
  3 goblins
  10 hobgoblins
  5 jackals
  5 quokkas
  8 bats
  A frilled lizard (D:2)
  A goblin zombie (Ossuary)
  2 jackal skeletons
  6 jackal zombies (Ossuary)
  15 kobolds
  2 kobold zombies (Ossuary)
  2 leopard gecko skeletons
  An orc zombie (Ossuary)
  3 quokka zombies
  4 rats
  4 rat zombies (Ossuary)
  4 fungi
  2 plants (Lair:6)
507 creatures vanquished.

Vanquished Creatures (collateral kills)
  2 hydras (Lair:3)
  Fannar (Lair:3)
3 creatures vanquished.

Vanquished Creatures (others)
  9 fungi
  27 plants
36 creatures vanquished.

Grand Total: 546 creatures vanquished

Notes
Turn   | Place    | Note
-------+----------+-------------------------------------------
     0 | D:1      | Napalmbreeze the Deep Dwarf Fighter began the quest for the
                  | Orb.
     0 | D:1      | Reached XP level 1. HP: 20/20 MP: 1/1
   232 | D:1      | Reached XP level 2. HP: 27/27 MP: 2/2
   367 | D:1      | Reached skill level 1 in Dodging
   497 | D:1      | Reached XP level 3. HP: 24/33 MP: 3/3
  1124 | D:2      | Reached XP level 4. HP: 40/42 MP: 4/4
  1202 | D:3      | Noticed Grinder
  1219 | D:3      | Paralysed by Grinder for 2 turns
  1226 | D:3      | Paralysed by Grinder for 2 turns
  1230 | D:3      | Killed Grinder
  1230 | D:3      | Reached skill level 4 in Armour
  1230 | D:3      | Reached XP level 5. HP: 35/50 MP: 4/4
  1230 | D:3      | Reached XP level 6. HP: 40/57 MP: 5/5
  1510 | D:3      | Noticed Natasha
  1518 | D:3      | Killed Natasha
  2158 | D:3      | Found a shimmering altar of Xom.
  2241 | D:3      | Noticed Natasha
  2248 | D:3      | Killed Natasha
  2248 | D:3      | Reached skill level 5 in Armour
  2340 | D:4      | Found a bloodstained altar of Trog.
  2425 | D:4      | Reached skill level 5 in Axes
  2449 | D:4      | Reached XP level 7. HP: 31/64 MP: 6/6
  2744 | D:4      | Found an iron altar of Okawaru.
  2957 | D:4      | Found Vubi's Weapon Emporium.
  3038 | D:5      | Entered Level 5 of the Dungeon
  3039 | D:5      | Noticed a two-headed ogre
  3114 | D:5      | Found a hazy altar of Hepliaklqana.
  3114 | D:5      | Found an ancient bone altar of Kikubaaqudgha.
  3117 | D:5      | Found a stormy altar of Qazlal.
  3117 | D:5      | Found a white marble altar of Elyvilon.
  3156 | D:5      | Reached skill level 6 in Armour
  3476 | D:5      | Reached XP level 8. HP: 32/73 MP: 6/6
  3520 | D:5      | Found a sand-covered staircase.
  3529 | Ossuary  | Entered an ossuary
  3795 | Ossuary  | Reached skill level 7 in Armour
  3951 | Ossuary  | Reached skill level 5 in Fighting
  4933 | D:6      | Reached skill level 5 in Dodging
  4961 | D:5      | Reached skill level 8 in Armour
  5012 | D:6      | Gained mutation: You passively map the area around you.
                  | [Deep Dwarf growth]
  5012 | D:6      | Reached XP level 9. HP: 28/81 MP: 5/5
  5031 | D:6      | HP: 2/81 [orc warrior/war axe (5)]
  5293 | D:6      | Found a staircase to the Ecumenical Temple.
  5308 | Temple   | Entered the Ecumenical Temple
  5435 | Temple   | Became a worshipper of Makhleb the Destroyer
  5825 | D:7      | Reached skill level 9 in Armour
  5984 | D:7      | Found Pedax's Weapon Emporium.
  6001 | D:7      | Found Xeisaso's Book Emporium.
  6120 | D:7      | Found Cuphuv's Magic Scroll Boutique.
  6210 | D:7      | Found Eplah's General Store.
  6636 | D:8      | Reached * piety under Makhleb
  7050 | D:8      | Reached skill level 10 in Armour
  7513 | D:8      | Reached ** piety under Makhleb
  7581 | D:9      | Reached XP level 10. HP: 60/92 MP: 5/5
  7685 | D:9      | Got a crude spear
  7686 | D:9      | Identified the +6 spear "Runguer" {protect, *Slow rElec
                  | rN++ Str+2} (You found it on level 9 of the Dungeon)
  7874 | D:9      | Found a staircase to the Lair.
  7950 | D:9      | Noticed Pikel
  7977 | D:9      | Killed Pikel
  8924 | D:10     | Entered Level 10 of the Dungeon
  8981 | D:10     | Found Jyery's Book Emporium.
  9038 | D:10     | Found Zafaoq's Armour Emporium.
  9062 | D:9      | Reached skill level 11 in Armour
  9080 | D:10     | Reached *** piety under Makhleb
  9092 | D:10     | Found a staircase to the Orcish Mines.
  9143 | D:10     | Bought a +1 pair of boots of flying for 198 gold pieces
  9295 | D:10     | Found Xoxowol's Antique Weapon Boutique.
  9512 | Lair:1   | Entered Level 1 of the Lair of Beasts
  9570 | Lair:1   | Reached skill level 1 in Invocations
  9673 | Lair:1   | Reached XP level 11. HP: 49/100 MP: 7/7
  9796 | Lair:1   | Reached skill level 12 in Armour
  9838 | Lair:1   | Noticed Grum
  9872 | Lair:1   | Killed Grum
 10384 | Lair:1   | Reached **** piety under Makhleb
 10386 | Lair:1   | Reached skill level 5 in Invocations
 10418 | Lair:2   | Reached skill level 10 in Axes
 10462 | Lair:2   | Found a labyrinth entrance.
 10471 | Lab      | Entered a labyrinth
 10526 | Lab      | Reached skill level 13 in Armour
 10571 | Lab      | Noticed a minotaur
 10587 | Lab      | Killed a minotaur
 10866 | Lair:2   | Found a dark tunnel.
 10872 | Volcano  | Entered a volcano
 10922 | Volcano  | Found a burning altar of Makhleb.
 10922 | Volcano  | Noticed a centaur warrior
 10938 | Volcano  | Killed a centaur warrior
 10938 | Volcano  | Reached XP level 12. HP: 109/109 MP: 8/8
 11040 | Volcano  | Reached skill level 14 in Armour
 11888 | Lair:3   | Noticed a seven-headed hydra
 11897 | Lair:3   | Killed a ten-headed hydra
 11968 | Lair:3   | Noticed Fannar
 11987 | Lair:3   | Killed Fannar
 12309 | Lair:3   | Noticed a six-headed hydra
 12376 | Lair:3   | Killed a 14-headed hydra
 12717 | Lair:4   | Found a staircase to the Swamp.
 12887 | Lair:4   | Noticed a death yak
 12898 | Lair:4   | Reached skill level 15 in Armour
 12921 | Lair:4   | Killed a death yak
 12928 | Lair:4   | Noticed a death yak
 12931 | Lair:4   | Noticed a death yak
 12931 | Lair:4   | Noticed a death yak
 13006 | Lair:3   | Killed a death yak
 13017 | Lair:3   | Killed a death yak
 13045 | Lair:4   | Killed a death yak
 13152 | Lair:4   | Found a staircase to the Snake Pit.
 13172 | Lair:4   | Found a burning altar of Makhleb.
 13187 | Lair:4   | Noticed a five-headed hydra
 13204 | Lair:4   | Killed a 13-headed hydra
 13204 | Lair:4   | Reached skill level 10 in Invocations
 13204 | Lair:4   | Reached XP level 13. HP: 66/115 MP: 9/9
 13888 | Lair:5   | Found a staircase to the Slime Pits.
 14493 | Lair:5   | Reached skill level 16 in Armour
 14607 | Lair:6   | Entered Level 6 of the Lair of Beasts
 14611 | Lair:6   | Got a transparent plate armour
 14618 | Lair:5   | Identified the +9 plate armour of the Other Side {rF+
                  | Str+4} (You found it on level 6 of the Lair of Beasts)
 14743 | Lair:6   | Reached ***** piety under Makhleb
 14958 | Lair:6   | Paralysed by a hornet for 2 turns
 15480 | Lair:6   | Noticed an entropy weaver
 15516 | Lair:5   | Slain by an entropy weaver

Vault maps used:
D:1:      doesnt_arrival_eight_statues, minmay_close_crescents
D:2:      serial_undead, serial_undead_f, serial_undead_c, serial_undead_d,
          serial_undead_a
D:3:      led_xom_imps, uniq_natasha, uniq_grinder
D:4:      nicolae_overflow_crystal_walls, overflow_temple_1_default,
          serial_shops, shop, hangedman_feature_mirror
D:5:      chequers_temple_overflow_statue_of_worship, first_ration,
          lightli_ossuary_entry_decrepit_ruins
D:6:      minmay_temple_entry_butterflies, minmay_misc_feat_five
D:7:      cheibrodos_helix_gallery, serial_shops, nicolae_shop_statue_plus,
          shop, shop, nicolae_shop_competitors_out_of_business,
          kennysheep_path_1
D:9:      erik_lair_orcish_takeover, uniq_pikel
D:10:     hiddenorc2_lemuel, serial_shops, nicolae_shop_crystal, shop,
          nicolae_shop_temple_entry_statues_fountains
Temple:   eino_temple_scatter_basement
Lair:1:   serial_bayou_shore_b, uniq_grum
Lair:2:   enter_volcano_3, lab_entry_generic
Lair:3:   uniq_fannar
Lair:4:   minmay_swamp_entry_worms, guppyfry_snake_entry_island, basic_altar,
          lemuel_fruit_fields, serial_bayou_shore_b
Lair:5:   minmay_slime_entry_oklob_open, serial_bayou_shore_a,
          infiniplex_staircase_pool
Lair:6:   wormcave, hangedman_lair_tendril_chambers, basic_altar,
          wad_woods_road_02, zaba_antful_of_joy
Lab:      labyrinth_green, nicolae_lab_plus, nicolae_lab_lava,
          nicolae_lab_grate, nicolae_lab_checkerboard
Ossuary:  minmay_ossuary_two_tombs
Volcano:  volcano_lake

Skill      XL: |  1  2  3  4  5  6  7  8  9 10 11 12 13 |
---------------+----------------------------------------+-----
Dodging        | 1 2 3 4 5 6 7 9 |  9.0
Axes           | 3 4 5 6 7 9 10 11 13 | 13.4
Fighting       | 3 4 5 6 7 8 |  8.1
Armour         | 4 5 6 8 10 11 13 15 16 | 16.0
Invocations    | 2 7 10 11 | 11.7
Shields        | |  3.2

Action                   |  1- 3 |  4- 6 |  7- 9 | 10-12 | 13-15 || total
-------------------------+-------+-------+-------+-------+-------++-------
Melee: War axe           |   140 |    97 |   736 |   845 |   486 ||  2304
Invok: Lesser Servant of |       |       |       |     9 |       ||     9
 Abil: Heal Wounds       |     1 |     2 |    20 |    19 |     2 ||    44
Evoke: Wand              |       |       |       |     3 |       ||     3
  Use: Scroll            |       |     6 |     5 |    11 |     1 ||    23
       Potion            |       |       |     1 |     1 |     1 ||     3
 Stab: Distracted        |       |       |       |     3 |       ||     3
  Eat: Chunk             |     1 |     2 |     7 |    12 |     6 ||    28
       Ration            |       |     1 |     6 |     2 |     1 ||    10
Armor: Scale mail        |     4 |       |       |       |       ||     4
       Ring mail         |    75 |    30 |    72 |       |       ||   177
       Crystal plate arm |       |       |   513 |  1054 |   125 ||  1692
       Plate armour      |       |       |       |       |   242 ||   242
Dodge: Dodged            |    57 |    52 |   385 |   447 |   275 ||  1216
Block: Shield            |    90 |     7 |       |       |       ||    97
       Other             |       |       |    28 |   147 |    52 ||   227
       Reflection        |       |       |       |     2 |       ||     2

Table legend:
 A = Non-vault XP
 B = Vault XP
 C = Vault XP percentage of total XP
 D = Non-vault monster count
 E = Vault monster count
 F = Vault count percentage of total count
                 A         B        C        D         E       F
            +---------+---------+-------+---------+---------+-------
      Total |   41983 |   20563 |  32.9 |     337 |     164 |  32.7
            +---------+---------+-------+---------+---------+-------
        D:1 |      33 |       8 |  19.5 |      17 |       4 |  19.0
        D:2 |      51 |       6 |  10.5 |      19 |       2 |   9.5
        D:3 |     138 |     369 |  72.8 |      10 |       3 |  23.1
        D:4 |     352 |       0 |   0.0 |       9 |       0 |   0.0
        D:5 |     503 |       0 |   0.0 |      18 |       0 |   0.0
        D:6 |    1188 |       0 |   0.0 |      29 |       0 |   0.0
        D:7 |     450 |     130 |  22.4 |      13 |       2 |  13.3
        D:8 |    1591 |       0 |   0.0 |      41 |       0 |   0.0
        D:9 |    1220 |    1441 |  54.2 |      25 |      11 |  30.6
       D:10 |     496 |     500 |  50.2 |      10 |      29 |  74.4
     Lair:1 |    5993 |     655 |   9.9 |      22 |       5 |  18.5
     Lair:2 |    3440 |     290 |   7.8 |      18 |       2 |  10.0
     Lair:3 |    5816 |     723 |  11.1 |      19 |       1 |   5.0
     Lair:4 |    9237 |     636 |   6.4 |      35 |       4 |  10.3
     Lair:5 |    4580 |     192 |   4.0 |      22 |       2 |   8.3
     Lair:6 |    6895 |    9837 |  58.8 |      30 |      40 |  57.1
        Lab |       0 |    1622 | 100.0 |       0 |       5 | 100.0
    Ossuary |       0 |     653 | 100.0 |       0 |      39 | 100.0
    Volcano |       0 |    3501 | 100.0 |       0 |      15 | 100.0
            +---------+---------+-------+---------+---------+-------
